Map: Nightscape LE

Players

WolfBlood

  • Race: Zerg Zerg
  • League: Silver
  • Spawn Location: 1:00

RubiX

  • Race: Terran Terran
  • League: Diamond
  • Spawn Location: 1:00

Massa - Winner!

  • Race: Terran Terran
  • League: Gold
  • Spawn Location: 7:00

qqq - Winner!

  • Race: Protoss Protoss
  • League: Platinum
  • Spawn Location: 7:00

VOD

Have the link to the VOD?

Description

Time

  • Played on: July 30, 2020, 7:37 a.m.
  • Length: 13:12
Show
View Real Time Build Order
Export as new Build Order

WolfBlood Zerg 

Build Orders: Pool First 

Get SALT Encoding   

  12  0:02  Drone  
  13  0:13  Overlord  
  13  0:19  Drone  
  14  0:34  Spawning Pool  
  13  0:38  Drone  
  13  0:41  Drone  
  15  0:47  Drone  
  16  1:00  Drone  
  17  1:21  Queen  
  17  1:23  Hatchery  
  18  1:26  Drone  
  18  1:29  Extractor  
  18  1:37  Overlord  
  18  1:55  Drone x3  
  18  1:58  Queen  
  23  2:23  Extractor  
  23  2:24  Drone  
  23  2:41  Drone x2  
  23  2:42  Drone  
  26  2:47  Drone  
  26  2:48  Drone x3  
  30  3:08  Drone  
  30  3:09  Drone x5  
  36  3:13  Overlord  
  36  3:14  Overlord x3  
  36  3:33  Overlord x2  
  36  3:36  Drone  
  37  3:47  Hatchery, Queen  
  38  3:54  Drone x6  
  44  3:57  Drone  
  44  3:58  Drone  
  44  4:02  Extractor  
  45  4:04  Extractor  
  44  4:15  Drone x3  
  47  4:49  Drone x2  
  47  4:50  Drone  
  47  4:52  Drone  
  51  4:53  Drone x8  
  59  5:09  Overlord x3  
  59  5:23  Drone x7  
  59  5:27  Lair  
  66  5:30  Drone x2  
  66  5:34  Evolution Chamber  
  67  5:36  Evolution Chamber  
  67  5:38  Drone x2  
  68  5:44  Extractor  
  68  5:45  Drone  
  68  5:46  Drone x9, Extractor  
  76  6:18  Spore Crawler  
  76  6:19  Spore Crawler  
  76  6:25  Spore Crawler  
  73  6:27  Spore Crawler  
  73  6:31  Zerg Missile Weapons Level 1, Zerg Ground Armor Level 1  
  72  6:39  Spore Crawler  
  68  6:40  Spore Crawler x2  
  68  6:42  Spore Crawler x2  
  58  6:53  Queen  
  59  6:56  Zergling x2  
  59  6:57  Zergling x30  
  59  6:58  Zergling x6  
  59  7:00  Metabolic Boost  
  71  7:07  Nydus Network  
  64  7:10  Hydralisk Den  
  64  7:13  Queen  
  42  7:33  Drone x9  
  51  7:58  Hydralisk x6  
  63  8:12  Drone x3  
  66  8:15  Drone x2  
  68  8:24  Drone x8  
  55  8:49  Queen  
  55  8:50  Queen  
  55  8:51  Hydralisk  
  55  8:52  Hydralisk x9  
  78  9:15  Spire  
  77  9:24  Zerg Ground Armor Level 2, Zerg Missile Weapons Level 2  
  77  9:31  Infestation Pit  
  76  9:35  Nydus Network  
  75  9:49  Drone  
  75  9:50  Drone x12  
  88  10:01  Drone x3  
  88  10:04  Drone x3  
  88  10:05  Hatchery  
  93  10:16  Overseer  
  93  10:18  Overseer  
  93  10:21  Pneumatized Carapace  
  93  10:24  Hydralisk x2  
  93  10:27  Overlord x4  
  93  10:28  Overlord x4  
  97  10:43  Nydus Canal  
  92  11:16  Hydralisk  
  92  11:17  Hydralisk x11  
  100  11:22  Neural Parasite  
  100  11:32  Drone  
  101  11:33  Drone x2  
  103  11:52  Infestor x5  
  103  11:53  Infestor  
  115  12:02  Drone x3  
  118  12:28  Drone x3  
  121  12:32  Spore Crawler  
  121  12:35  Spore Crawler  
  121  12:36  Spore Crawler  
  118  12:46  Hydralisk x4  
  118  12:47  Hydralisk x5  
Show
View Real Time Build Order
Export as new Build Order

RubiX Terran 

Build Orders:  

Get SALT Encoding   

  12  0:00  SCV  
  13  0:12  SCV  
  14  0:17  Supply Depot  
  14  0:24  SCV  
  14  0:27  Refinery  
  15  0:39  SCV  
  16  0:44  Barracks  
  16  0:51  SCV  
  17  1:00  Refinery  
  17  1:03  SCV  
  18  1:17  SCV  
  19  1:32  Orbital Command  
  19  1:33  Factory  
  19  1:36  Reaper  
  20  1:43  Supply Depot  
  21  2:01  SCV  
  21  2:13  SCV  
  22  2:17  Armory  
  22  2:21  Barracks Reactor  
  22  2:25  SCV  
  23  2:32  Factory Tech Lab  
  23  2:37  SCV  
  24  2:49  SCV  
  24  2:50  Starport  
  25  2:58  Marine x2  
  27  3:01  SCV  
  27  3:04  Thor  
  34  3:07  Supply Depot  
  34  3:14  SCV  
  34  3:16  Marine x2  
  37  3:26  SCV  
  38  3:28  Medivac  
  40  3:38  SCV  
  41  3:51  Command Center  
  41  3:53  SCV  
  42  4:05  Marine x2  
  42  4:09  SCV, Supply Depot  
  45  4:21  SCV  
  49  4:31  Siege Tank  
  49  4:32  Marine x2  
  51  4:53  SCV  
  51  4:57  Barracks  
  51  4:58  Barracks  
  52  5:10  SCV  
  51  5:24  SCV  
  51  5:25  Orbital Command  
  51  5:26  Marine x2  
  48  5:31  Engineering Bay  
  48  5:32  Engineering Bay  
  48  5:36  SCV  
  48  5:39  Siege Tank  
  52  5:44  Marine x2  
  52  5:48  SCV  
  52  5:49  Barracks Tech Lab x2  
  55  5:50  Starport Reactor  
  55  5:53  SCV  
  56  6:00  Supply Depot  
  56  6:01  SCV  
  57  6:15  Stimpack, Combat Shield  
  57  6:17  Marauder x2, Marine x2  
  57  6:18  SCV x2  
  65  6:20  Refinery, Siege Tank  
  68  6:27  Terran Infantry Armor Level 1, Terran Infantry Weapons Level 1  
  68  6:30  SCV, Missile Turret  
  68  6:31  SCV  
  70  6:33  Missile Turret  
  70  6:43  SCV x2  
  70  6:46  Marauder x2, Marine x2  
  78  6:52  Siege Tank  
  69  7:00  SCV  
  68  7:04  Marine x2, Command Center  
  68  7:08  Marauder x2  
  68  7:19  SCV x2, Missile Turret  
  68  7:22  Marine x2  
  72  7:29  Marauder x2  
  76  7:32  SCV  
  76  7:34  Concussive Shells  
  76  7:36  SCV  
  78  7:41  Barracks  
  78  7:44  Barracks  
  78  7:48  SCV, Marine x2, Supply Depot  
  78  7:50  Marauder x2, Supply Depot  
  85  8:00  SCV  
  86  8:09  SCV, Marine x2  
  90  8:12  SCV  
  90  8:16  Marauder x2  
  94  8:27  Marine x2  
  94  8:29  Refinery  
  94  8:30  Refinery  
  94  8:31  Barracks Reactor x2  
  96  8:36  Missile Turret  
  96  8:37  Marine x2  
  98  8:44  Marine x2  
  98  8:45  Terran Infantry Armor Level 2, Terran Infantry Weapons Level 2  
  100  8:55  Marauder, Marine  
  103  9:02  Marine x2  
  102  9:03  Orbital Command  
  104  9:12  Missile Turret  
  104  9:13  Missile Turret  
  104  9:15  Missile Turret  
  104  9:17  Marauder x2, Marine x4  
  108  9:19  Medivac, Siege Tank  
  117  9:24  Refinery  
  117  9:26  Supply Depot x2  
  117  9:29  Supply Depot  
  117  9:30  Marine  
  117  9:32  SCV, Marine  
  116  9:41  SCV, Missile Turret  
  117  9:47  SCV, Marine x4, Medivac  
  117  9:48  Marauder x2  
  117  9:50  Medivac  
  117  9:52  SCV  
  131  10:06  Command Center  
  131  10:07  SCV x2  
  127  10:16  Marine x3  
  130  10:21  SCV  
  130  10:23  Missile Turret  
  130  10:25  Medivac x2  
  130  10:26  Marine  
  130  10:27  Marine x4  
  136  10:45  Marine x6  
  136  10:46  Marine  
  141  10:59  Thor  
  147  11:07  Marine x4  
  151  11:13  SCV x2  
  153  11:21  Medivac x2  
  126  11:39  Marine  
  130  11:40  Marauder x2, Marine x5  
  136  11:50  SCV x2  
  136  11:51  Medivac x2  
  136  11:52  Thor  
  148  11:57  Marine, Missile Turret  
  148  11:58  Factory, Marine  
  148  11:59  Factory  
  148  12:00  Orbital Command  
  150  12:01  SCV  
  150  12:02  SCV  
  150  12:03  Marine x3  
  150  12:04  Marine x3  
  150  12:08  Barracks  
  158  12:09  Barracks  
  158  12:15  Marine  
  158  12:16  Marine  
  158  12:21  Marine x3  
  158  12:22  Marauder x2  
  167  12:25  Medivac, Supply Depot  
  167  12:26  Supply Depot  
  167  12:27  Supply Depot  
  167  12:28  Marine  
  137  12:45  Marauder  
  137  12:50  Marine  
  137  12:51  Marine x3  
Show
View Real Time Build Order
Export as new Build Order

Massa Terran - Winner!

Build Orders: Gas First Reaper Expand 

Get SALT Encoding   

  12  0:01  SCV  
  13  0:13  SCV  
  14  0:24  Supply Depot  
  14  0:25  SCV  
  15  0:31  Refinery  
  15  0:45  SCV  
  15  0:48  Barracks  
  16  0:57  SCV  
  17  1:09  SCV  
  18  1:13  Barracks  
  18  1:22  SCV  
  19  1:36  Orbital Command  
  19  1:37  Reaper, Supply Depot  
  20  1:45  Supply Depot  
  20  2:05  Barracks Tech Lab  
  20  2:18  Command Center  
  20  2:23  Marine  
  21  2:31  SCV  
  21  2:45  Reaper  
  21  2:47  Marauder  
  21  2:51  Factory  
  24  2:52  SCV  
  25  3:04  SCV  
  26  3:06  Stimpack  
  26  3:11  Engineering Bay  
  26  3:16  SCV  
  27  3:23  Marauder, Marine  
  30  3:32  Orbital Command  
  30  3:40  Factory Reactor  
  29  3:47  Barracks Tech Lab  
  29  3:49  Marine  
  30  3:56  Refinery  
  30  3:57  SCV  
  30  3:58  SCV  
  32  4:04  Refinery  
  32  4:07  Marine  
  32  4:09  SCV  
  34  4:10  SCV  
  34  4:13  Starport  
  35  4:21  SCV  
  35  4:22  SCV  
  39  4:31  Hellion x2  
  39  4:33  SCV  
  39  4:34  Barracks Reactor, SCV  
  39  4:35  Marauder  
  45  4:45  SCV  
  48  4:53  Hellion x2  
  45  5:10  Marauder, Marine x2  
  51  5:14  Hellion  
  45  5:26  SCV x2  
  45  5:28  Marine x2  
  45  5:31  Hellion  
  45  5:32  Marauder  
  53  5:35  Hellion  
  53  5:38  SCV  
  54  5:46  Supply Depot  
  54  5:49  Supply Depot  
  54  5:51  Supply Depot  
  54  6:07  SCV x2, Marine x2, Medivac  
  54  6:08  Marauder  
  54  6:11  Hellion x2  
  66  6:20  SCV x2  
  66  6:25  Barracks, Marine x2  
  70  6:29  Marauder  
  70  6:32  SCV x2  
  74  6:37  Medivac  
  76  6:44  SCV x2  
  78  6:50  Marauder  
  74  6:56  SCV  
  73  7:09  Marine x2  
  73  7:12  Marauder  
  71  7:27  Marine x2  
  53  7:33  Marauder  
  53  7:35  Hellion x2  
  59  7:39  Barracks Tech Lab  
  59  7:45  Marine x2, Command Center  
  59  7:46  Refinery  
  59  7:47  Factory  
  59  7:48  Medivac  
  63  7:55  Marauder  
  63  7:56  Terran Infantry Weapons Level 1  
  63  7:57  Hellion x2  
  69  8:01  Armory  
  69  8:03  Engineering Bay, Marine x2  
  71  8:11  Combat Shield  
  71  8:13  Concussive Shells  
  71  8:14  Marauder  
  71  8:16  Marauder  
  71  8:18  Hellion  
  77  8:20  Marine  
  77  8:22  Supply Depot  
  77  8:25  Supply Depot  
  78  8:29  Supply Depot  
  78  8:35  Factory Tech Lab  
  78  8:43  Marine x2, Medivac  
  78  8:44  Hellion x2  
  78  8:47  Marauder x2  
  78  8:48  SCV x2  
  92  9:00  SCV x2  
  92  9:01  Marine  
  95  9:05  Hellion  
  95  9:06  Command Center, Infernal Pre-Igniter  
  95  9:08  Marauder x2  
  95  9:09  Marine  
  102  9:12  SCV x2  
  104  9:19  Marine  
  106  9:24  SCV x2  
  106  9:26  Marine  
  106  9:29  Marauder x2  
  112  9:36  SCV x2  
  114  9:41  Hellbat  
  114  9:45  Marine  
  117  9:51  Supply Depot  
  117  9:52  Supply Depot x2  
  117  9:56  Supply Depot  
  117  10:08  Barracks  
  117  10:13  SCV x2, Marauder x2, Marine x2, Hellbat x2  
  129  10:17  Supply Depot  
  129  10:18  Planetary Fortress  
  129  10:31  Marine x2  
  129  10:35  Marauder x2, Hellbat x2  
  139  10:38  SCV  
  139  10:39  SCV  
  141  10:44  Refinery  
  141  10:48  Marine  
  141  10:49  Marine  
  143  10:50  SCV  
  143  10:51  SCV  
  143  10:56  Marauder x2  
  149  11:03  SCV x2  
  151  11:06  Marine  
  151  11:07  Marine  
  151  11:10  Thor  
  159  11:13  Hellbat x2  
  159  11:15  SCV x2  
  159  11:17  Marauder x2  
  157  11:27  SCV x2  
  104  11:39  Marauder x2  
  104  11:40  Marine  
  104  11:41  Marine  
  104  11:44  Barracks Tech Lab  
  110  11:47  Hellbat x2  
  110  11:51  Orbital Command  
  110  11:53  SCV, Thor  
  110  11:54  SCV x2  
  118  11:57  Missile Turret  
  118  11:58  Marine  
  118  11:59  Marine  
  118  12:00  Marauder x2, Missile Turret  
  125  12:03  Missile Turret  
  125  12:05  SCV  
  125  12:08  Sensor Tower  
  126  12:16  Marine  
  126  12:17  SCV x3  
  126  12:18  SCV  
  126  12:22  Marauder x2  
  135  12:28  Marauder, Marine  
  135  12:29  SCV x3  
  141  12:30  SCV  
  141  12:31  Hellbat  
  146  12:43  Marauder x2  
  125  12:49  Marauder, Marine  
  125  12:50  Marine  
Show
View Real Time Build Order
Export as new Build Order

qqq Protoss - Winner!

Build Orders: 1 Gate Expand, Carriers 

Get SALT Encoding   

  12  0:01  Probe  
  13  0:13  Probe  
  14  0:25  Probe  
  14  0:26  Pylon  
  15  0:37  Pylon  
  15  0:44  Probe  
  16  0:56  Probe  
  16  0:57  Gateway  
  17  1:01  Pylon  
  17  1:09  Probe  
  18  1:21  Probe  
  19  1:37  Probe  
  19  1:38  Nexus  
  20  1:49  Assimilator  
  20  1:50  Probe  
  21  1:55  Assimilator  
  21  2:01  Cybernetics Core  
  21  2:02  Probe  
  22  2:14  Probe  
  23  2:26  Probe  
  24  2:38  Probe  
  25  2:50  Probe x2  
  27  3:00  Stargate  
  27  3:02  Probe x2, Stalker (Chrono Boost)  
  31  3:14  Probe x2  
  31  3:18  Forge  
  33  3:26  Probe x2  
  35  3:32  Stargate  
  35  3:38  Probe x2  
  37  3:50  Probe  
  37  3:51  Probe  
  39  4:00  Assimilator  
  39  4:02  Probe, Phoenix  
  42  4:03  Probe  
  42  4:04  Assimilator  
  43  4:14  Probe  
  43  4:15  Probe  
  45  4:20  Protoss Air Weapons Level 1  
  45  4:22  Phoenix  
  47  4:27  Probe x2  
  49  4:39  Probe  
  49  4:42  Phoenix  
  52  4:51  Probe  
  53  4:56  Phoenix  
  53  5:11  Phoenix  
  53  5:28  Pylon  
  53  5:32  Pylon  
  53  5:37  Nexus  
  53  5:40  Pylon  
  53  5:42  Pylon  
  53  5:46  Phoenix x2  
  57  5:52  Fleet Beacon  
  57  6:01  Nexus  
  57  6:04  Pylon  
  57  6:06  Pylon  
  57  6:09  Pylon  
  55  6:11  Phoenix x2  
  59  6:21  Probe x2  
  61  6:28  Photon Cannon  
  61  6:31  Photon Cannon  
  61  6:33  Probe x2  
  61  6:34  Photon Cannon  
  61  6:35  Shield Battery  
  61  6:36  Phoenix x2  
  67  6:40  Anion Pulse-Crystals  
  67  6:45  Probe x2  
  69  6:57  Probe  
  69  6:58  Probe  
  71  7:01  Phoenix x2  
  73  7:10  Probe x2  
  73  7:26  Photon Cannon, Phoenix x2  
  73  7:28  Probe  
  73  7:29  Probe, Photon Cannon  
  80  7:31  Probe, Photon Cannon  
  80  7:33  Photon Cannon  
  80  7:35  Pylon, Shield Battery  
  81  7:41  Probe  
  81  7:43  Probe  
  82  7:51  Phoenix, Assimilator  
  82  7:53  Probe  
  82  7:55  Probe, Assimilator  
  82  7:56  Stargate  
  86  8:02  Phoenix, Stargate  
  86  8:04  Pylon  
  86  8:05  Probe  
  89  8:12  Photon Cannon, Pylon  
  89  8:15  Photon Cannon  
  89  8:16  Protoss Air Weapons Level 2  
  89  8:17  Pylon  
  89  8:25  Carrier  
  93  8:47  Carrier  
  99  8:56  Phoenix  
  99  9:14  Probe  
  99  9:15  Probe  
  101  9:17  Assimilator  
  101  9:21  Assimilator  
  101  9:26  Probe  
  101  9:27  Probe  
  103  9:37  Carrier  
  103  9:38  Probe (Chrono Boost), Carrier  
  113  9:42  Probe (Chrono Boost)  
  115  9:51  Probe (Chrono Boost), Carrier  
  123  9:56  Probe (Chrono Boost)  
  123  9:57  Probe (Chrono Boost)  
  124  10:05  Probe  
  125  10:17  Probe  
  126  10:36  Carrier  
  126  10:41  Carrier  
  126  10:42  Carrier  
  140  10:59  Carrier  
  133  11:18  Probe  
  133  11:30  Probe  
  128  11:40  Carrier  
  128  11:42  Probe  
  128  11:46  Carrier x2  
  147  11:49  Probe  
  148  11:54  Probe  
  148  12:01  Probe  
  150  12:05  Nexus  
  150  12:06  Probe, Pylon  
  151  12:09  Pylon  
  151  12:11  Pylon  
  151  12:13  Probe  
  151  12:14  Pylon  
  158  12:15  Pylon  
  158  12:21  Pylon  
  166  12:25  Probe  
  166  12:26  Pylon  
  166  12:28  Pylon  
  167  12:33  Photon Cannon  
  167  12:35  Photon Cannon  
  167  12:37  Probe, Photon Cannon  
  167  12:38  Shield Battery  
  167  12:41  Shield Battery  
  168  12:45  Photon Cannon  
Tags
 
Add a new tag
Caveats
  • Supply blocks, unpowered buildings, or Contaminate may cause inaccurate times.
  • Supply counts are checked every 10 seconds.